 Dungeon Crawl Stone Soup version 0.21.1-1-g345015f (webtiles) character file.

107 letownia2 the Charmwright (level 4, -1/38 HPs)
             Began as a Gnoll Skald on Feb 27, 2018.
             Slain by a hobgoblin
             ... wielding a +0 club
              (6 damage)
             ... on level 3 of the Dungeon.
             The game lasted 00:02:52 (472 turns).

letownia2 the Charmwright (Gnoll Skald)              Turns: 472, Time: 00:02:53

Health: -1/38      AC:  3    Str: 17    XL:     4   Next: 85%
Magic:  1/11       EV: 14    Int: 16    God:
Gold:   43         SH:  0    Dex: 14    Spells: 2/13 levels left

rFire    . . .     SeeInvis .   a - +0 spear
rCold    . . .     Gourm    +   (no shield)
rNeg     . . .     Faith    .   b - +0 leather armour
rPois    .         Spirit   .   (no helmet)
rElec    .         Reflect  .   (no cloak)
rCorr    .         Harm     .   (no gloves)
MR       .....     Rnd*Tele +   (no boots)
Stlth    ++........             n - amulet of the gourmand
HPRegen  0.12/turn              l - +3 ring of strength
MPRegen  0.12/turn              k - ring of teleportation (curse)

@: shrouded
A: distributed training, fangs 1, strong nose
a: no special abilities


You were on level 3 of the Dungeon.
You were not hungry.

You visited 1 branch of the dungeon, and saw 3 of its levels.

You collected 43 gold pieces.

Inventory:

Hand Weapons
 a - a +0 spear (weapon)
Armour
 b - a +0 leather armour (worn)
Jewellery
 e - an uncursed ring of resist corrosion
 k - a cursed ring of teleportation (right hand)
 l - a +3 ring of strength (left hand)
 n - an amulet of the gourmand (around neck)
Wands
 i - a wand of iceblast (9)
Scrolls
 g - a scroll of magic mapping {unknown}
 h - 2 scrolls of identify {unknown}
 o - a scroll of noise {unknown}
Potions
 f - a potion of haste {unknown}
 j - a potion of flight {unknown}
 m - a potion of agility {unknown}
Books
 c - a book of Battle

   Spells                             Type                      Level
   a - Infusion                       Charms                       1
   b - Shroud of Golubria             Charms/Translocation         2
   c - Song of Slaying                Charms                       2
   d - Spectral Weapon                Hexes/Charms                 3
   e - Regeneration                   Charms/Necromancy            3
Comestibles
 d - 4 rations


   Skills:
 + Level 4.7 Fighting
 + Level 1.2 Short Blades
 + Level 1.2 Long Blades
 + Level 1.2 Axes
 + Level 1.2 Maces & Flails
 + Level 4.7 Polearms
 + Level 1.2 Staves
 + Level 1.2 Slings
 + Level 1.2 Bows
 + Level 1.2 Crossbows
 + Level 1.2 Throwing
 + Level 2.8 Armour
 + Level 4.7 Dodging
 + Level 1.2 Stealth
 + Level 1.2 Shields
 + Level 1.2 Unarmed Combat
 + Level 5.1 Spellcasting
 + Level 1.0 Conjurations
 + Level 1.0 Hexes
 + Level 5.5 Charms
 + Level 1.0 Summonings
 + Level 1.0 Necromancy
 + Level 1.0 Translocations
 + Level 1.0 Transmutations
 + Level 1.0 Fire Magic
 + Level 1.0 Ice Magic
 + Level 1.0 Air Magic
 + Level 1.0 Earth Magic
 + Level 1.0 Poison Magic
 + Level 1.3 Invocations
 + Level 1.2 Evocations


You had 2 spell levels left.
You knew the following spells:

 Your Spells              Type           Power        Failure   Level  Hunger
a - Infusion              Chrm           ###.         1%          1    None
g - Regeneration          Chrm/Necr      ##........   14%         3    ###....
l - Song of Slaying       Chrm           ###.....     2%          2    #......
t - Shroud of Golubria    Chrm/Tloc      ##........   7%          2    #......
x - Spectral Weapon       Hex/Chrm       ##......     14%         3    ###....


Dungeon Overview and Level Annotations

Branches:
Dungeon (3/15)

Altars:


Innate Abilities, Weirdness & Mutations

Your experience applies equally to all skills.
You have very sharp teeth.
Your uncanny sense of smell can sniff out nearby items.


Message History

Aim: an orc, wielding a mace and wearing a leather armour You completely miss the orc.
Your shroud bends the orc's attack away.
Unknown command.
Attack whom?
Press: ? - help, Dir - move target cursor, f/p - orc
Aim: an orc, wielding a mace and wearing a leather armour You hit the orc.
You bite the orc.
The orc is heavily wounded.
The hobgoblin hits you with a club.
* * * LOW HITPOINT WARNING * * *
Unknown command.
Attack whom?
Press: ? - help, Dir - move target cursor, f/p - orc
Aim: an orc, wielding a mace and wearing a leather armour (heavily wounded)
You hit the orc.
The orc is severely wounded.
Your song has ended.
The hobgoblin hits you with a club.
You die...

#....# #....#
#....# ##
#.[$.# ..
#....#.##∆
#.[.....#.
#.#o$.>(....
#.?.@g....#
#....#+#.####
#### .. .# #
∆


You could see an orc and a hobgoblin.

Vanquished Creatures
  A big kobold (D:2)
  2 adders (D:2)
  An ooze (D:2)
  4 bats
  A goblin (D:1)
  2 jackals (D:2)
  2 frilled lizards
  3 kobolds (D:1)
  5 rats
21 creatures vanquished.

Notes
Turn   | Place    | Note
-------+----------+-------------------------------------------
     0 | D:1      | letownia2 the Gnoll Skald began the quest for the Orb.
     0 | D:1      | Reached XP level 1. HP: 20/20 MP: 6/6
   206 | D:2      | Reached XP level 2. HP: 26/26 MP: 4/7
   228 | D:2      | Learned a level 2 spell: Shroud of Golubria
   231 | D:2      | Learned a level 2 spell: Song of Slaying
   317 | D:2      | Reached skill level 5 in Spellcasting
   317 | D:2      | Reached XP level 3. HP: 20/31 MP: 5/9
   322 | D:2      | Learned a level 3 spell: Regeneration
   329 | D:2      | Learned a level 3 spell: Spectral Weapon
   438 | D:3      | Noticed a big kobold
   444 | D:3      | Reached skill level 1 in Invocations
   459 | D:2      | Killed a big kobold
   459 | D:2      | Reached skill level 1 in Short Blades
   459 | D:2      | Reached skill level 1 in Long Blades
   459 | D:2      | Reached skill level 1 in Axes
   459 | D:2      | Reached skill level 1 in Maces & Flails
   459 | D:2      | Reached skill level 1 in Staves
   459 | D:2      | Reached skill level 1 in Slings
   459 | D:2      | Reached skill level 1 in Bows
   459 | D:2      | Reached skill level 1 in Crossbows
   459 | D:2      | Reached skill level 1 in Throwing
   459 | D:2      | Reached skill level 1 in Stealth
   459 | D:2      | Reached skill level 1 in Shields
   459 | D:2      | Reached skill level 1 in Unarmed Combat
   459 | D:2      | Reached skill level 1 in Conjurations
   459 | D:2      | Reached skill level 1 in Hexes
   459 | D:2      | Reached skill level 1 in Summonings
   459 | D:2      | Reached skill level 1 in Necromancy
   459 | D:2      | Reached skill level 1 in Translocations
   459 | D:2      | Reached skill level 1 in Transmutations
   459 | D:2      | Reached skill level 1 in Fire Magic
   459 | D:2      | Reached skill level 1 in Ice Magic
   459 | D:2      | Reached skill level 1 in Air Magic
   459 | D:2      | Reached skill level 1 in Earth Magic
   459 | D:2      | Reached skill level 1 in Poison Magic
   459 | D:2      | Reached skill level 1 in Evocations
   459 | D:2      | Reached XP level 4. HP: 7/38 MP: 0/11
   472 | D:3      | Slain by a hobgoblin

Skill      XL: |  1  2  3 |
---------------+----------+-----
Spellcasting   | 5 |  5.1
Invocations    | 1 |  1.3
Short Blades   | 1 |  1.2
Long Blades    | 1 |  1.2
Axes           | 1 |  1.2
Maces & Flails | 1 |  1.2
Staves         | 1 |  1.2
Slings         | 1 |  1.2
Bows           | 1 |  1.2
Crossbows      | 1 |  1.2
Throwing       | 1 |  1.2
Stealth        | 1 |  1.2
Shields        | 1 |  1.2
Unarmed Combat | 1 |  1.2
Conjurations   | 1 |  1.0
Hexes          | 1 |  1.0
Summonings     | 1 |  1.0
Necromancy     | 1 |  1.0
Translocations | 1 |  1.0
Transmutations | 1 |  1.0
Fire Magic     | 1 |  1.0
Ice Magic      | 1 |  1.0
Air Magic      | 1 |  1.0
Earth Magic    | 1 |  1.0
Poison Magic   | 1 |  1.0
Evocations     | 1 |  1.2
Fighting       | |  4.7
Polearms       | |  4.7
Armour         | |  2.8
Dodging        | |  4.7
Charms         | |  5.5

Action                   |  1- 3 |  4- 6 || total
-------------------------+-------+-------++-------
Melee: Spear             |    68 |     3 ||    71
       Bite              |     4 |     1 ||     5
 Cast: Infusion          |     4 |       ||     4
       Shroud of Golubri |     7 |       ||     7
       Regeneration      |     1 |       ||     1
       Song of Slaying   |     1 |       ||     1
       Spectral Weapon   |     1 |       ||     1
 Stab: Sleeping          |     1 |       ||     1
Armor: Leather armour    |     7 |       ||     7
Dodge: Dodged            |    39 |     2 ||    41
